Map: Goldenaura LE

Players

IIIIIIIIIIII

  • Race: Zerg Zerg
  • League: Diamond
  • Spawn Location: 5:00

llllllllllll - Winner!

  • Race: Protoss Protoss
  • League: Grandmaster
  • Spawn Location: 12:00

VOD

Have the link to the VOD?

Description

Time

  • Played on: June 15, 2024, 7:21 p.m.
  • Length: 12:42
Show
View Real Time Build Order
Export as new Build Order

IIIIIIIIIIII Zerg 

Build Orders: Hatch First, Lurkers 

Get SALT Encoding   

  12  0:00  Drone  
  13  0:12  Overlord  
  13  0:19  Drone  
  14  0:30  Drone x2  
  16  0:49  Hatchery  
  15  0:53  Drone  
  15  0:57  Drone  
  17  1:00  Drone  
  18  1:10  Extractor  
  17  1:16  Spawning Pool  
  16  1:19  Drone  
  16  1:22  Drone  
  18  1:28  Drone  
  19  1:39  Drone  
  20  1:49  Overlord  
  20  2:03  Queen x2  
  20  2:04  Zergling x2  
  20  2:05  Zergling x2  
  26  2:12  Metabolic Boost  
  26  2:14  Drone  
  27  2:16  Drone  
  28  2:24  Drone x2  
  30  2:38  Hatchery  
  29  2:45  Queen  
  29  2:51  Drone x2  
  32  2:54  Overlord  
  32  2:57  Drone  
  34  3:00  Drone  
  34  3:03  Drone  
  35  3:17  Spore Crawler  
  35  3:19  Spore Crawler, Drone x2  
  35  3:20  Drone x2  
  35  3:22  Drone x2  
  39  3:27  Drone  
  39  3:29  Drone  
  39  3:30  Spore Crawler  
  40  3:35  Drone  
  40  3:37  Drone  
  42  3:49  Drone  
  42  3:53  Overlord  
  42  3:54  Drone x3, Overlord  
  46  3:55  Drone  
  46  3:56  Drone x2  
  49  4:04  Roach Warren  
  49  4:05  Evolution Chamber  
  47  4:11  Drone x4  
  47  4:13  Zergling x4  
  53  4:29  Lair  
  53  4:30  Drone x3  
  53  4:31  Drone x2  
  58  4:33  Drone x2  
  60  4:38  Drone  
  60  4:41  Drone x3  
  64  4:48  Zergling x4  
  66  4:54  Overlord  
  66  5:12  Drone x5  
  66  5:13  Drone x3  
  74  5:16  Overlord x3  
  74  5:17  Overlord  
  74  5:26  Hatchery  
  73  5:28  Extractor  
  73  5:30  Extractor x2  
  73  5:31  Extractor  
  73  5:32  Extractor  
  68  5:38  Overseer  
  68  5:42  Glial Reconstitution  
  68  5:44  Zergling x4  
  68  5:45  Zergling x12  
  76  5:56  Drone x2  
  78  5:59  Drone, Hydralisk Den  
  78  6:00  Drone  
  78  6:01  Evolution Chamber  
  78  6:04  Drone x4  
  78  6:05  Drone x3  
  78  6:10  Drone  
  86  6:14  Zerg Missile Weapons Level 1  
  86  6:15  Zergling x4  
  86  6:16  Zergling x10  
  93  6:21  Spore Crawler  
  92  6:35  Zerg Melee Weapons Level 1  
  92  6:36  Muscular Augments  
  91  6:40  Drone x2  
  91  6:41  Infestation Pit, Drone x2, Lurker Den  
  91  6:42  Drone x4  
  90  6:51  Drone x3  
  90  6:52  Drone  
  85  6:55  Queen  
  85  6:59  Drone x2  
  85  7:00  Drone  
  87  7:03  Drone  
  88  7:11  Hydralisk  
  88  7:12  Hydralisk x4  
  88  7:15  Hydralisk  
  101  7:22  Drone  
  101  7:23  Drone x2  
  101  7:27  Hydralisk x4  
  111  7:30  Overlord x4  
  111  7:36  Extractor  
  110  7:38  Extractor  
  110  7:39  Hatchery  
  110  7:40  Grooved Spines  
  110  7:42  Lurker x2  
  110  7:44  Lurker  
  110  7:45  Lurker  
  110  7:47  Overlord x4  
  110  7:48  Overlord  
  112  7:55  Drone x3  
  112  7:56  Overseer  
  115  7:58  Lurker x3  
  115  7:59  Lurker, Spine Crawler  
  115  8:00  Spine Crawler  
  115  8:01  Zergling x2, Spine Crawler  
  115  8:02  Zergling x16  
  125  8:06  Drone x2  
  125  8:07  Drone x3  
  125  8:08  Drone  
  125  8:10  Zergling x4  
  125  8:12  Lurker x2  
  135  8:14  Hydralisk  
  138  8:20  Zergling x6  
  138  8:26  Zergling x16  
  148  8:29  Zerg Missile Weapons Level 2  
  148  8:33  Hatchery  
  147  8:41  Zerg Melee Weapons Level 2, Hive  
  147  8:46  Zergling x18  
  147  8:47  Zergling x2  
  155  9:15  Lurker  
  150  9:21  Hydralisk x6, Drone, Spire  
  150  9:22  Hydralisk x2  
  161  9:34  Zergling x12  
  161  9:35  Zergling x14  
  161  9:36  Zergling x14  
  163  9:50  Zergling x14  
  163  9:51  Zergling x14  
  167  9:59  Zergling x2  
  148  10:00  Zergling x14  
  148  10:02  Zergling x4  
  147  10:14  Zergling x10  
  147  10:15  Zergling x2  
  124  10:34  Seismic Spines  
  122  10:37  Drone x5  
  122  10:38  Drone x7  
  122  10:39  Drone  
  122  10:40  Hydralisk x3  
  122  10:41  Hydralisk x3  
  147  10:50  Lurker x2  
  147  10:51  Lurker x3  
  147  10:53  Zergling x10  
  147  10:54  Zergling x6  
  147  10:56  Adrenal Glands  
  160  10:58  Queen  
  160  11:03  Spine Crawler  
  161  11:04  Spine Crawler  
  161  11:09  Spine Crawler  
  161  11:10  Spine Crawler  
  158  11:13  Spine Crawler  
  158  11:16  Queen  
  158  11:18  Queen  
  161  11:31  Adaptive Talons  
  161  11:37  Zergling x8  
  161  11:38  Zergling x10  
  161  11:39  Corruptor  
  170  11:40  Corruptor x6  
Show
View Real Time Build Order
Export as new Build Order

llllllllllll Protoss - Winner!

Build Orders: 1 Gate Expand, Oracle Opening, Chargelot Immortal 

Get SALT Encoding   

  12  0:00  Probe  
  13  0:12  Probe  
  14  0:23  Pylon  
  14  0:26  Probe  
  15  0:41  Probe (Chrono Boost)  
  15  0:42  Gateway  
  16  0:48  Assimilator  
  16  0:54  Probe (Chrono Boost)  
  17  0:59  Probe (Chrono Boost)  
  18  1:08  Probe (Chrono Boost)  
  20  1:19  Probe (Chrono Boost)  
  20  1:24  Probe (Chrono Boost)  
  21  1:32  Nexus  
  21  1:40  Cybernetics Core  
  21  1:47  Assimilator  
  21  1:52  Pylon  
  21  1:55  Probe  
  22  2:07  Probe  
  23  2:14  Adept (Chrono Boost)  
  23  2:19  Stargate, Probe  
  26  2:27  Warp Gate  
  26  2:31  Probe  
  27  2:37  Adept  
  30  2:44  Probe (Chrono Boost)  
  30  2:48  Probe (Chrono Boost)  
  31  2:54  Probe (Chrono Boost)  
  31  2:57  Probe (Chrono Boost)  
  33  2:59  Probe (Chrono Boost)  
  34  3:07  Oracle (Chrono Boost)  
  34  3:08  Probe  
  34  3:11  Probe  
  39  3:17  Gateway  
  39  3:20  Probe  
  39  3:23  Pylon, Probe  
  41  3:32  Probe  
  42  3:35  Oracle (Chrono Boost), Probe  
  46  3:44  Probe  
  46  3:47  Probe  
  48  3:51  Nexus  
  48  3:56  Probe  
  48  3:59  Probe  
  50  4:06  Robotics Facility  
  50  4:08  Probe  
  51  4:11  Probe  
  52  4:19  Forge  
  52  4:20  Probe  
  52  4:21  Twilight Council  
  52  4:23  Probe  
  54  4:32  Pylon, Assimilator  
  54  4:35  Assimilator  
  54  4:45  Pylon  
  54  4:50  Probe x2  
  56  4:58  Protoss Ground Weapons Level 1 (Chrono Boost)  
  56  5:00  Immortal (Chrono Boost)  
  56  5:02  Pylon  
  56  5:05  Charge, Probe x2 (Chrono Boost)  
  63  5:07  Probe (Chrono Boost)  
  63  5:16  Gateway  
  63  5:17  Gateway, Probe (Chrono Boost)  
  63  5:18  Probe x2 (Chrono Boost)  
  66  5:22  Probe (Chrono Boost)  
  66  5:26  Probe x2  
  69  5:29  Immortal (Chrono Boost)  
  69  5:33  Probe  
  74  5:37  Templar Archives  
  74  5:39  Probe x2  
  74  5:40  Assimilator  
  74  5:42  Assimilator  
  76  5:45  Probe  
  77  5:51  Probe x2  
  79  5:57  Probe  
  79  6:03  Gateway x2  
  80  6:10  Pylon  
  80  6:11  Warp Prism (Chrono Boost)  
  84  6:16  High Templar x2  
  84  6:17  Zealot x2  
  84  6:18  Psionic Storm  
  90  6:21  Gateway  
  90  6:22  Gateway  
  90  6:28  Gateway  
  90  6:30  Gateway  
  90  6:31  Gateway  
  90  6:33  Probe x3  
  90  6:39  Observer  
  94  6:41  Archon  
  94  6:43  High Templar x2  
  94  6:45  Probe  
  97  6:48  Zealot x2  
  95  6:57  Probe x2  
  95  7:00  Protoss Ground Weapons Level 2 (Chrono Boost)  
  97  7:07  High Templar x2  
  101  7:11  Nexus  
  101  7:12  Pylon  
  101  7:18  Pylon  
  101  7:19  Pylon  
  101  7:20  Pylon  
  101  7:21  Pylon  
  100  7:33  Probe x3  
  100  7:35  High Templar x2  
  100  7:36  Zealot x5  
  117  7:40  Immortal (Chrono Boost)  
  121  7:45  Probe x3  
  121  7:51  Photon Cannon  
  124  7:53  High Templar x2  
  124  7:55  Photon Cannon  
  124  7:56  Shield Battery  
  124  7:57  Probe  
  129  8:00  Photon Cannon  
  129  8:02  Photon Cannon  
  129  8:03  Photon Cannon  
  129  8:05  Photon Cannon  
  133  8:13  Assimilator  
  133  8:18  Assimilator  
  133  8:21  Probe x3  
  133  8:26  Probe  
  137  8:33  Immortal, Probe x2  
  139  8:38  Pylon  
  139  8:40  Pylon  
  139  8:42  Photon Cannon  
  139  8:47  Photon Cannon  
  139  9:00  Protoss Air Weapons Level 1  
  139  9:05  Fleet Beacon  
  139  9:07  Stargate  
  139  9:09  Stargate  
  139  9:12  Stargate  
  139  9:13  Zealot x10  
  159  9:45  Protoss Ground Weapons Level 3 (Chrono Boost), Zealot x6  
  171  9:48  Pylon  
  171  9:52  Pylon x2  
  171  9:54  Pylon  
  171  9:56  Pylon  
  147  10:10  Nexus, Pylon, Zealot x10  
  159  10:14  Carrier x2 (Chrono Boost)  
  159  10:15  Carrier (Chrono Boost)  
  175  10:21  Carrier (Chrono Boost)  
  169  10:31  High Templar x3  
  169  10:32  High Templar  
  169  10:33  High Templar x4  
  169  10:35  Archon  
  177  10:37  Archon x3  
  177  10:45  Photon Cannon  
  177  10:47  Photon Cannon  
  177  10:49  Photon Cannon, High Templar x2  
  181  10:51  Photon Cannon  
  181  10:53  Photon Cannon, Archon  
  181  10:55  Photon Cannon  
  181  11:06  Shield Battery  
  181  11:08  Photon Cannon  
  181  11:10  Photon Cannon  
  181  11:12  Photon Cannon  
  181  11:17  Assimilator  
  187  11:19  Mothership (Chrono Boost)  
  187  11:21  Assimilator  
  186  11:42  Zealot x7  
  186  11:47  Photon Cannon  
  200  11:49  Photon Cannon  
  200  11:51  Photon Cannon  
  174  12:03  Zealot x5  
  174  12:04  Zealot x5  
Tags
 
Add a new tag
Caveats
  • Supply blocks, unpowered buildings, or Contaminate may cause inaccurate times.
  • Supply counts are checked every 10 seconds.